| TOP OF THE 1ST |
|
Kelowna Heat batting - Pitching for Oakland Oaks : RHP Jason Palmer
|
|
Pitching: RHP Jason Palmer
|
|
|
Batting: RHB Armando Ramirez
|
0-0: Ball 1-0: Foul Ball, location: 2F 1-1: Foul Ball, location: 2F 1-2: Ball 2-2: DOUBLE (Line Drive, 7LD, EV 101.9 MPH)
|
|
Batting: LHB Adrian Navarro
|
0-0: Ball 1-0: Foul Ball, location: 2F 1-1: Foul Ball, location: 2F 1-2: Foul Ball, location: 2F 1-2: Foul Ball, location: 2F 1-2: Ground out 4-3 (Groundball, 4S, EV 86.9 MPH) Armando Ramirez to third
|
|
Batting: RHB Tony Harper
|
0-0: Ball 1-0: Called Strike 1-1: DOUBLE (Flyball, 89D, EV 108.1 MPH) Armando Ramirez scores
|
|
Batting: LHB Mike Roberts
|
0-0: Ball 1-0: Foul Ball, location: 2F 1-1: Foul Ball, location: 2F 1-2: Ball 2-2: Ball 3-2: Ground out U3 (Groundball, 3, EV 84.4 MPH) Tony Harper to third
|
|
Batting: LHB Oscar Tamayo
|
0-0: Called Strike 0-1: Ball 1-1: Swinging Strike 1-2: SINGLE (Line Drive, 9S, EV 106.2 MPH) Tony Harper scores
|
|
Batting: RHB Noe Oliva
|
0-0: Ball 1-0: Ball 2-0: Called Strike 2-1: Swinging Strike 2-2: Ball 3-2: Base on Balls Oscar Tamayo to second
|
|
Batting: RHB Soichi Kaneshiro
|
0-0: Foul Ball, location: 2F 0-1: Called Strike 0-2: Foul Ball, location: 2F 0-2: Strikes out looking
|
| Top of the 1st over - 2 runs, 3 hits, 0 errors, 2 left on base; Kelowna 2 - Oakland 0 |
| BOTTOM OF THE 1ST |
|
Oakland Oaks batting - Pitching for Kelowna Heat : LHP Matt DeGrado
|
|
Pitching: LHP Matt DeGrado
|
|
|
Batting: RHB Nathaniel Adderley
|
0-0: Ground out 4-3 (Groundball, 4, EV 87.5 MPH)
|
|
Batting: RHB Rafael Alarcon
|
0-0: Ball 1-0: Ground out 6-3 (Groundball, 6S, EV 86.9 MPH)
|
|
Batting: RHB Pete Goerge
|
0-0: SINGLE (Flyball, 78S, EV 91.9 MPH) - OUT at second base trying to stretch hit.
|
| Bottom of the 1st over - 0 runs, 1 hit, 0 errors, 0 left on base; Kelowna 2 - Oakland 0 |
| TOP OF THE 2ND |
|
Kelowna Heat batting - Pitching for Oakland Oaks : RHP Jason Palmer
|
|
Batting: RHB Glen Limeburner
|
0-0: Ball 1-0: Swinging Strike 1-1: Foul Ball, location: 2F 1-2: Strikes out swinging
|
|
Batting: LHB Eddie Lemus
|
0-0: Ball 1-0: Ball 2-0: Swinging Strike 2-1: Ground out 6-3 (Groundball, 56D, EV 107.5 MPH)
|
|
Batting: RHB Armando Ramirez
|
0-0: Called Strike 0-1: Ball 1-1: Fly out, F9 (Flyball, 9, EV 89.4 MPH)
|
| Top of the 2nd over - 0 runs, 0 hits, 0 errors, 0 left on base; Kelowna 2 - Oakland 0 |
| BOTTOM OF THE 2ND |
|
Oakland Oaks batting - Pitching for Kelowna Heat : LHP Matt DeGrado
|
|
Batting: RHB Gabe Secundino
|
0-0: Called Strike 0-1: Foul Ball, location: 2F 0-2: Foul Ball, location: 2F 0-2: Ball 1-2: Fly out, F8 (Flyball, 8LD, EV 88.8 MPH)
|
|
Batting: RHB Chris Prinzing
|
0-0: Called Strike 0-1: Ball 1-1: Foul Ball, location: 2F 1-2: Ball 2-2: Strikes out swinging
|
|
Batting: RHB Ryan Jennings
|
0-0: Swinging Strike 0-1: Ball 1-1: Ball 2-1: Ball 3-1: Base on Balls
|
|
Batting: RHB Amare Brown
|
0-0: Called Strike 0-1: Ball 1-1: Swinging Strike 1-2: Ball 2-2: Ball 3-2: Strikes out swinging
|
| Bottom of the 2nd over - 0 runs, 0 hits, 0 errors, 1 left on base; Kelowna 2 - Oakland 0 |
| TOP OF THE 3RD |
|
Kelowna Heat batting - Pitching for Oakland Oaks : RHP Jason Palmer
|
|
Batting: LHB Adrian Navarro
|
0-0: Ball 1-0: Called Strike 1-1: Ball 2-1: Foul Ball, location: 2F 2-2: Fly out, F8 (Flyball, 8RD, EV 96.9 MPH)
|
|
Batting: RHB Tony Harper
|
0-0: Called Strike 0-1: Ball 1-1: Ball 2-1: Ball 3-1: Fly out, F9 (Flyball, 89M, EV 86.9 MPH)
|
|
Batting: LHB Mike Roberts
|
0-0: Ball 1-0: Ball 2-0: Ground out 4-3 (Groundball, 4M, EV 111.2 MPH)
|
| Top of the 3rd over - 0 runs, 0 hits, 0 errors, 0 left on base; Kelowna 2 - Oakland 0 |
| BOTTOM OF THE 3RD |
|
Oakland Oaks batting - Pitching for Kelowna Heat : LHP Matt DeGrado
|
|
Batting: LHB Bill Helmer
|
0-0: Bunt for hit to 3S - play at first, batter safe!
|
|
Batting: RHB Edwin Nunez
|
0-0: Ball 1-0: Called Strike 1-1: Fly out, F9 (Flyball, 9S, EV 93.8 MPH)
|
|
Batting: RHB Nathaniel Adderley
|
0-0: Called Strike 0-1: SINGLE (Line Drive, 8RS, EV 110.0 MPH) Bill Helmer to second
|
|
Batting: RHB Rafael Alarcon
|
0-0: Grounds into double play, 5-4-3 (Groundball, 56, EV 103.1 MPH)
|
| Bottom of the 3rd over - 0 runs, 2 hits, 0 errors, 1 left on base; Kelowna 2 - Oakland 0 |
| TOP OF THE 4TH |
|
Kelowna Heat batting - Pitching for Oakland Oaks : RHP Jason Palmer
|
|
Batting: LHB Oscar Tamayo
|
0-0: Ball 1-0: Foul Ball, location: 2F 1-1: Foul Ball, location: 2F 1-2: Foul Ball, location: 2F 1-2: Strikes out swinging
|
|
Batting: RHB Noe Oliva
|
0-0: Foul Ball, location: 2F 0-1: Swinging Strike 0-2: Strikes out swinging
|
|
Batting: RHB Soichi Kaneshiro
|
0-0: Ball 1-0: Foul Ball, location: 2F 1-1: Called Strike 1-2: Ball 2-2: Strikes out swinging
|
| Top of the 4th over - 0 runs, 0 hits, 0 errors, 0 left on base; Kelowna 2 - Oakland 0 |
| BOTTOM OF THE 4TH |
|
Oakland Oaks batting - Pitching for Kelowna Heat : LHP Matt DeGrado
|
|
Batting: RHB Pete Goerge
|
0-0: Reached on error, E2 (Groundball, 15S, EV 68.1 MPH)
|
|
Batting: RHB Gabe Secundino
|
0-0: Called Strike 0-1: Ball 1-1: Ball 2-1: Foul Ball, location: 2F 2-2: Ball 3-2: Strikes out looking
|
|
Batting: RHB Chris Prinzing
|
0-0: Ball 1-0: Ball 2-0: Foul Ball, location: 2F 2-1: Ball 3-1: Foul Ball, location: 2F 3-2: Foul Ball, location: 2F 3-2: Base on Balls Pete Goerge to second
|
|
Batting: RHB Ryan Jennings
|
0-0: Called Strike 0-1: Grounds into double play, 6-4-3 (Groundball, 6, EV 88.1 MPH)
|
| Bottom of the 4th over - 0 runs, 0 hits, 1 error, 1 left on base; Kelowna 2 - Oakland 0 |
| TOP OF THE 5TH |
|
Kelowna Heat batting - Pitching for Oakland Oaks : RHP Jason Palmer
|
|
Batting: RHB Glen Limeburner
|
0-0: Ground out 5-3 (Groundball, 56S, EV 88.8 MPH)
|
|
Batting: LHB Eddie Lemus
|
0-0: Ball 1-0: Called Strike 1-1: Swinging Strike 1-2: Ground out 5-3 (Groundball, 56, EV 98.8 MPH)
|
|
Batting: RHB Armando Ramirez
|
0-0: Ground out 3-1 (Groundball, 34, EV 83.8 MPH)
|
| Top of the 5th over - 0 runs, 0 hits, 0 errors, 0 left on base; Kelowna 2 - Oakland 0 |
| BOTTOM OF THE 5TH |
|
Oakland Oaks batting - Pitching for Kelowna Heat : LHP Matt DeGrado
|
|
Batting: RHB Amare Brown
|
0-0: Swinging Strike 0-1: Called Strike 0-2: Strikes out looking
|
|
Batting: LHB Bill Helmer
|
0-0: Fly out, F8 (Flyball, 8RS, EV 90.0 MPH)
|
|
Batting: RHB Edwin Nunez
|
0-0: Ball 1-0: SINGLE (Line Drive, 7S, EV 88.8 MPH)
|
|
Batting: RHB Nathaniel Adderley
|
0-0: Foul Ball, location: 2F 0-1: Fly out, F9 (Flyball, 9, EV 88.8 MPH)
|
| Bottom of the 5th over - 0 runs, 1 hit, 0 errors, 1 left on base; Kelowna 2 - Oakland 0 |
| TOP OF THE 6TH |
|
Kelowna Heat batting - Pitching for Oakland Oaks : RHP Jason Palmer
|
|
Batting: LHB Adrian Navarro
|
0-0: Called Strike 0-1: Ball 1-1: Foul Ball, location: 2F 1-2: Fly out, F7 (Flyball, 7D, EV 101.2 MPH)
|
|
Batting: RHB Tony Harper
|
0-0: Called Strike 0-1: Called Strike 0-2: Foul Ball, location: 2F 0-2: Ball 1-2: Foul Ball, location: 2F 1-2: Ball 2-2: Foul Ball, location: 2F 2-2: Hit by Pitch
|
|
Batting: LHB Mike Roberts
|
0-0: Called Strike 0-1: Ball 1-1: Foul Ball, location: 2F 1-2: Fielders Choice at 2nd, 6-4 (Groundball, 6, EV 83.8 MPH)
|
|
Batting: LHB Oscar Tamayo
|
0-0: Ball Wild Pitch! Mike Roberts to second 1-0: Ball 2-0: Foul Ball, location: 2F 2-1: 2-RUN HOME RUN (Line Drive, 9D, EV 111.9 MPH), Distance : 420 ft
|
|
Batting: RHB Noe Oliva
|
0-0: Foul Ball, location: 2F 0-1: Ball 1-1: Foul Ball, location: 2F 1-2: Ground out 6-3 (Groundball, P, EV 89.4 MPH)
|
| Top of the 6th over - 2 runs, 1 hit, 0 errors, 0 left on base; Kelowna 4 - Oakland 0 |
| BOTTOM OF THE 6TH |
|
Oakland Oaks batting - Pitching for Kelowna Heat : LHP Matt DeGrado
|
|
Batting: RHB Rafael Alarcon
|
0-0: Ball 1-0: Ball 2-0: Ball 3-0: Called Strike 3-1: Ground out 6-3 (Groundball, 6M, EV 76.2 MPH)
|
|
Batting: RHB Pete Goerge
|
0-0: Foul Ball, location: 2F 0-1: Called Strike 0-2: Strikes out swinging
|
|
Batting: RHB Gabe Secundino
|
0-0: Swinging Strike 0-1: Foul Ball, location: 2F 0-2: Ball 1-2: Fly out, F6 (Popup, 6, EV 50.0 MPH)
|
| Bottom of the 6th over - 0 runs, 0 hits, 0 errors, 0 left on base; Kelowna 4 - Oakland 0 |
| TOP OF THE 7TH |
|
Kelowna Heat batting - Pitching for Oakland Oaks : RHP Jason Palmer
|
|
Batting: RHB Soichi Kaneshiro
|
0-0: Ball 1-0: Ball 2-0: Fly out, F7 (Flyball, 78D, EV 80.6 MPH)
|
|
Batting: RHB Glen Limeburner
|
0-0: Ball 1-0: Fly out, F7 (Flyball, 78D, EV 87.5 MPH)
|
|
Batting: LHB Eddie Lemus
|
0-0: Foul Ball, location: 2F 0-1: Ball 1-1: Ground out 6-3 (Groundball, 6M, EV 98.1 MPH)
|
| Top of the 7th over - 0 runs, 0 hits, 0 errors, 0 left on base; Kelowna 4 - Oakland 0 |
| BOTTOM OF THE 7TH |
|
Oakland Oaks batting - Pitching for Kelowna Heat : LHP Matt DeGrado
|
|
Batting: RHB Chris Prinzing
|
0-0: Ball 1-0: SINGLE (Line Drive, 4MD, EV 100.0 MPH)
|
|
Batting: RHB Ryan Jennings
|
0-0: Ball 1-0: Ball 2-0: Ball 3-0: Called Strike 3-1: Foul Ball, location: 2F 3-2: Base on Balls Chris Prinzing to second
|
|
Batting: RHB Amare Brown
|
0-0: Foul Ball, location: 2F 0-1: Foul Ball, location: 2F 0-2: Ball 1-2: Foul Ball, location: 2F 1-2: Ball 2-2: Fielders Choice at 2nd, 6-4 (Groundball, 6, EV 81.2 MPH) Chris Prinzing to third
|
|
Batting: LHB Bill Helmer
|
0-0: Fly out, F7 (Flyball, 7LSF, EV 91.2 MPH)
|
|
Batting: RHB Edwin Nunez
|
0-0: Fly out, F8 (Flyball, 8LD, EV 95.0 MPH)
|
| Bottom of the 7th over - 0 runs, 1 hit, 0 errors, 2 left on base; Kelowna 4 - Oakland 0 |
| TOP OF THE 8TH |
|
Kelowna Heat batting - Pitching for Oakland Oaks : RHP Jason Palmer
|
|
Pitching: RHP Joey Patrick
|
|
|
Batting: RHB Armando Ramirez
|
0-0: Foul Ball, location: 2F 0-1: Ball 1-1: Ball 2-1: Called Strike 2-2: Ball 3-2: Strikes out swinging
|
|
Batting: LHB Adrian Navarro
|
0-0: Called Strike 0-1: Ball 1-1: Called Strike 1-2: Fly out, F8 (Flyball, 8LXD, EV 79.4 MPH)
|
|
Batting: RHB Tony Harper
|
0-0: Foul Ball, location: 2F 0-1: Swinging Strike 0-2: Foul Ball, location: 2F 0-2: Ball 1-2: Ball 2-2: SINGLE (Flyball, 78S, EV 96.2 MPH)
|
|
Batting: LHB Mike Roberts
|
0-0: Called Strike Tony Harper is caught stealing 2nd base 2-6
|
| Top of the 8th over - 0 runs, 1 hit, 0 errors, 0 left on base; Kelowna 4 - Oakland 0 |
| BOTTOM OF THE 8TH |
|
Oakland Oaks batting - Pitching for Kelowna Heat : LHP Matt DeGrado
|
|
Pitching: RHP James Jenkins
|
|
|
Batting: RHB Nathaniel Adderley
|
0-0: Swinging Strike 0-1: Swinging Strike 0-2: Strikes out looking
|
|
Batting: RHB Rafael Alarcon
|
0-0: Ball 1-0: Foul Ball, location: 2F 1-1: SINGLE (Line Drive, 7S, EV 90.0 MPH)
|
|
Batting: RHB Pete Goerge
|
0-0: Swinging Strike 0-1: Swinging Strike 0-2: Ball 1-2: Foul Ball, location: 2F 1-2: Strikes out swinging
|
|
Batting: RHB Gabe Secundino
|
0-0: Ball Wild Pitch! Rafael Alarcon to second 1-0: 2-RUN HOME RUN (Flyball, 9LD, EV 92.5 MPH), Distance : 342 ft
|
|
Batting: RHB Chris Prinzing
|
0-0: Called Strike 0-1: DOUBLE (Flyball, 8LXD, EV 93.1 MPH)
|
|
Batting: RHB Ryan Jennings
|
0-0: Ball 1-0: SINGLE (Flyball, 8RS, EV 93.1 MPH) Chris Prinzing to third
|
|
Batting: RHB Amare Brown
|
0-0: Called Strike 0-1: Fly out, F9 (Flyball, 9, EV 90.0 MPH)
|
| Bottom of the 8th over - 2 runs, 4 hits, 0 errors, 2 left on base; Kelowna 4 - Oakland 2 |
| TOP OF THE 9TH |
|
Kelowna Heat batting - Pitching for Oakland Oaks : RHP Joey Patrick
|
|
Pitching: LHP Jason Hahn
|
|
|
Batting: LHB Mike Roberts
|
0-0: SOLO HOME RUN (Flyball, 9LD, EV 92.5 MPH), Distance : 362 ft
|
|
Batting: LHB Oscar Tamayo
|
0-0: Called Strike 0-1: Ball 1-1: Fly out, F8 (Flyball, 8LXD, EV 90.6 MPH)
|
|
Batting: RHB Noe Oliva
|
0-0: Ball 1-0: Swinging Strike 1-1: Foul Ball, location: 2F 1-2: Ball 2-2: Foul Ball, location: 2F 2-2: Ball 3-2: Strikes out swinging
|
|
Batting: RHB Soichi Kaneshiro
|
0-0: Called Strike 0-1: Ball 1-1: Fly out, F8 (Line Drive, 8RM, EV 88.1 MPH)
|
| Top of the 9th over - 1 run, 1 hit, 0 errors, 0 left on base; Kelowna 5 - Oakland 2 |
| BOTTOM OF THE 9TH |
|
Oakland Oaks batting - Pitching for Kelowna Heat : RHP James Jenkins
|
|
Pitching: RHP Edward Jones
|
|
|
Pinch Hitting: LHB Brian Puccio
|
0-0: Called Strike 0-1: Swinging Strike 0-2: Strikes out looking
|
|
Pinch Hitting: LHB Diego Vega
|
0-0: Ball 1-0: Foul Ball, location: 2F 1-1: Ground out 4-3 (Groundball, 4, EV 85.6 MPH)
|
|
Batting: RHB Nathaniel Adderley
|
0-0: Called Strike 0-1: Ball 1-1: Ball 2-1: Foul Ball, location: 2F 2-2: Ball 3-2: Base on Balls
|
|
Batting: RHB Rafael Alarcon
|
0-0: Called Strike 0-1: 2-RUN HOME RUN (Flyball, 78XD, EV 110.0 MPH), Distance : 427 ft
|
|
Batting: RHB Pete Goerge
|
0-0: Fly out, F8 (Flyball, 8LD, EV 107.5 MPH)
|
| Bottom of the 9th over - 2 runs, 1 hit, 0 errors, 0 left on base; Kelowna 5 - Oakland 4 |
|